AoeStats
← Dangerfyld

Nomad

508729613Analyzed
2v2 RM · 9d ago on Sep 23, 2026· 34m 49s· 4 players
Game mode
Random Map
Map size
176×176
Population
200
Speed
Normal
Resources
Standard
Victory
Conquest
Starting age
Dark Age
Ending age
Imperial Age
RankedLock teamsTeams togetherTeam positionsShared explorationLock speedFull tech treeHidden civsTurbo modeCheats
Victory
Defeat
🇬🇧 Japanese · United Kingdom
879
+17
🇬🇧 Varangians · United Kingdom
807
+20
🇦🇹 Mongols · Austria
928
-20
🇦🇹 Franks · Austria
868
-17
Hunter-1260
15:20 Feudal Age
15:43 Man-at-Arms
17:06 Loom
18:34 Wheelbarrow
24:00 Castle Age
23:49 Fletching
24:11 Forging
25:58 Bodkin Arrow
27:16 Pikeman
30:39 Double-Bit Axe
33:53 Bow Saw
35:17 Ballistics
34:38 Treadmill Crane
The Horn Guy RBW ER
5:07 Loom
6:49 Loom
17:47 Feudal Age
18:54 Double-Bit Axe
23:34 Castle Age
24:28 Scale Mail Armor
24:20 Fletching
24:56 Arson
25:11 Squires
25:32 Chain Mail Armor
25:49 Forging
27:44 Pikeman
Dangerfyld
2:58 Loom
18:02 Feudal Age
20:43 Double-Bit Axe
20:42 Horse Collar
20:54 Gold Mining
23:49 Castle Age
21:47 Stone Mining
25:05 Stone Shaft Mining
28:13 Heavy Plow
28:29 Bow Saw
33:38 Padded Archer Armor
33:29 Fletching
Law
5:36 Loom
14:51 Feudal Age
15:23 Double-Bit Axe
18:44 Wheelbarrow
18:58 Wheelbarrow
23:54 Castle Age
22:01 Gold Mining
24:03 Stone Mining
25:27 Bow Saw
25:54 Gold Shaft Mining
25:24 Husbandry
27:21 Hand Cart
27:29 Hand Cart
Connection lost

Rejoining the realm…

Still unreachable

The connection could not be restored.

Session expired

The server has moved on; the page needs a fresh start.